 Dungeon Crawl Stone Soup version 0.29-a0-643-ga013cefcf8 (webtiles) character file.

Game seed: 2306989508158053652

1294 zeratav the Slicer (level 8, -11/49 HPs)
             Began as a Kobold Gladiator on June 20, 2022.
             Was a Believer of Uskayaw.
             Mangled by a vampire (13 damage)
             ... on level 6 of the Dungeon.
             The game lasted 00:13:02 (7536 turns).

zeratav the Slicer (Kobold Gladiator)               Turns: 7536, Time: 00:13:03

Health: -11/49     AC:  4    Str: 11    XL:     8   Next: 86%
Magic:  4/8        EV: 17    Int: 10    God:    Uskayaw [**....]
Gold:   346        SH:  0    Dex: 18    Spells: 7/7 levels left

rFire   . . .      SeeInvis .   a - +0 rapier {short}
rCold   . . .      Faith    .   (no shield)
rNeg    . . .      Spirit   .   b - +0 leather armour
rPois   .          Reflect  .   c - +0 helmet
rElec   .          Harm     .   (no cloak)
rCorr   .          Rampage  .   (no gloves)
Will    +....                   (no boots)
Stlth   ++++......              (no amulet)
HPRegen 0.16/turn               u - ring of willpower
MPRegen 0.11/turn               (no ring)

@: no status effects
A: small, no large weapons, nightstalker 3
a: Renounce Religion, Stomp, Line Pass


You were on level 6 of the Dungeon.
You worshipped Uskayaw.
Uskayaw was noncommittal.
You visited 2 branches of the dungeon, and saw 7 of its levels.
You also visited: Sewer.

You collected 346 gold pieces.


Innate Abilities, Weirdness & Mutations

You are small and have problems with some larger weapons.
You are completely attuned to the shadows.


   Skills:
 + Level 5.3 Fighting
 + Level 9.9 Short Blades
 - Level 2.1 Throwing
 + Level 6.4 Dodging
 - Level 5.0 Stealth
 + Level 0.2 Shields


You had 7 spell levels left.
You didn't know any spells.
Your spell library contained the following spells:

 Spells                   Type           Power      Damage    Failure   Level
 Shock                    Conj/Air       0%         1d3       45%         1
 Swiftness                Air            0%         N/A       83%         3
 Airstrike                Air            0%         N/A       99%         4

Inventory:

Hand Weapons
 a - a +0 rapier (weapon) {short}
 z - a +2 dagger of venom {short}
   (You found it on level 5 of the Dungeon)
 A - a +1 dagger of flaming {short}
   (You took it off an orc on level 5 of the Dungeon)
Missiles
 d - 3 throwing nets (quivered) {=fthrowing}
 e - 2 boomerangs {throwing}
Armour
 b - a +0 leather armour (worn)
 c - a +0 helmet (worn)
 t - a +0 buckler
   (You found it on level 6 of the Dungeon)
Jewellery
 n - a ring of ice
   (You found it on level 3 of the Dungeon)
 u - a ring of willpower (left hand)
   (You found it on level 4 of the Dungeon)
Wands
 p - a wand of polymorph (25)
   (You found it on level 4 of the Dungeon)
 y - a wand of charming (11)
   (You found it on level 5 of the Dungeon)
 B - a wand of iceblast (12)
   (You found it on level 5 of the Dungeon)
Scrolls
 f - 9 scrolls of identify {unknown}
 h - a scroll of enchant weapon {unknown}
 i - 4 scrolls of teleportation {unknown}
 l - 2 scrolls of vulnerability {unknown}
 q - a scroll of fear {unknown}
 s - a scroll of acquirement {unknown}
 v - a scroll of magic mapping {unknown}
Potions
 g - 2 potions of degeneration {unknown}
 j - 3 potions of might {unknown}
 k - a potion of curing {unknown}
 m - 3 potions of brilliance {unknown}
 o - 3 potions of flight {unknown}
 r - a potion of haste {unknown}
 w - a potion of resistance {unknown}
 x - a potion of heal wounds {@q2}
 D - a potion of attraction {unknown}

Dungeon Overview and Level Annotations

Branches:
Dungeon (6/15) Zot: 26409  Temple (1/1) D:5 Zot: 5618   Sewer (visited)

Altars:
Ashenzari
Cheibriados
Dithmenos
Elyvilon
Fedhas
Gozag
Hepliaklqana
Kikubaaqudgha
Makhleb
Nemelex Xobeh
Okawaru
Qazlal
Sif Muna
Trog
Uskayaw
Vehumet
Wu Jian
Xom
Yredelemnul
Zin
The Shining One

Shops:
D:1 ( D:6

( ###########
######..........V#
.....#.###.#.###@#
####.#.###.#.###.#
####.#.##.....##.#
##.....†...#..##.#
##.#.#.###........
##.#.#............
.....(##########
##.##.# ####.#


You could see a vampire.


Message History

No target in view!
No target in view!
No target in view!
No target in view!
No target in view!
No target in view!
No target in view!
No target in view!
No target in view!
No target in view!
No target in view!
No target in view!
No target in view!
No target in view!
No target in view!
You can no longer pass through a line of other dancers.
You now have 330 gold pieces (gained 7).
Found a stone staircase leading down.
Unknown command.
There is a stone staircase leading down here.
t - 5 poisoned darts {throwing} (gained 2)
You drop 2 poisoned darts {throwing}.
You drop 3 poisoned darts {throwing}.
You drop a +2 scale mail of fire resistance.
The white imp shouts!
Something shouts, "Accept thy fall, thou foisting kobold-kissing blabberskite!"
You see here a +0 robe.
Things that are here:
a +0 buckler; 2 poisoned darts {throwing}
t - a +0 buckler A hound comes into view.
The hound pauses to sniff the ground.
The hound bites you but does no damage.
You closely miss the hound. The hound barely misses you.
You hit the hound. The hound barely misses you.
You barely miss the hound. The hound closely misses you.
You closely miss the hound. The hound barely misses you.
You hit the hound but do no damage. The hound bites you but does no damage.
The hound closely misses you.
You puncture the hound! The hound misses you.
You can now pass through a line of other dancers.
You barely miss the hound. The hound bites you but does no damage.
You barely miss the hound. The hound closely misses you.
You closely miss the hound. The hound completely misses you.
You hit the hound but do no damage. The hound bites you but does no damage.
You puncture the hound!
You kill the hound!
You see here a hound corpse.
You now have 346 gold pieces (gained 16).
You can no longer pass through a line of other dancers.
You catch the helpless vampire completely off-guard!
You impale the vampire!!
You can now pass through a line of other dancers.
You hit the vampire but do no damage. The vampire draws life force from you!
The vampire is healed by the life force!
HP[-8]
You take 8 damage, and now have 41/49 hp.
You hit the vampire.
The vampire drinks a potion.
The vampire is healed!
You hit the vampire. You hit the vampire. The vampire barely misses you.
The vampire bites you!
The vampire draws strength from your injuries!
HP[-7]
You take 7 damage, and now have 34/49 hp.
You hit the vampire but do no damage. The vampire barely misses you.
The vampire misses you.
You hit the vampire but do no damage. The vampire barely misses you.
The vampire closely misses you.
Aiming: Line Pass
Press: ? - help, Dir - move target The vampire appears confused.
MP[-4]
You lost 4 mp, and now have 4/8 mp.
The vampire seems less confused.
The vampire completely misses you. The vampire bites you!
The vampire draws strength from your injuries!
HP[-6]
You take 6 damage, and now have 28/49 hp.
You hit the vampire. You hit the vampire but do no damage.
Your punch misses the vampire. The vampire hits you!
* * * LOW HITPOINT WARNING * * *
The vampire misses you.
HP[-13]
You take 13 damage, and now have 15/49 hp.
MASSIVE DAMAGE!! (PAUSE)
You hit the vampire but do no damage. The vampire hits you!
* * * LOW HITPOINT WARNING * * *
The vampire misses you.
HP[-13]
You take 13 damage, and now have 2/49 hp.
MASSIVE DAMAGE!! (PAUSE)
Aiming: Line Pass
Press: ? - help, Dir - move target
Okay, then.
The vampire attacks as you move away! The vampire misses you.
The vampire bites you!
You die...

Skill      XL: |  1  2  3  4  5  6  7  8 |
---------------+-------------------------+-----
Stealth        | 2 3 4 5 |  5.0
Short Blades   | 5 6 8 9 |  9.9
Dodging        | 5 6 |  6.4
Fighting       | 3 5 |  5.3
Throwing       | |  2.1
Shields        | |  0.2

Action                   |  1- 3 |  4- 6 |  7- 9 || total
-------------------------+-------+-------+-------++-------
Melee: Rapier            |    78 |   163 |    61 ||   302
       Punch             |     1 |       |     1 ||     2
       Dagger            |       |       |    97 ||    97
Invok: Line Pass         |       |       |     1 ||     1
 Stab: Sleeping          |    16 |    20 |    11 ||    47
       Distracted        |       |     1 |     1 ||     2
Armor: Leather armour    |    11 |    19 |    16 ||    46
Dodge: Dodged            |    33 |   105 |    85 ||   223

Levels and vault maps discovered:
D:1:      kennysheep_arrival_seaside, layout_basic, serial_shops,
          nicolae_shop_stone
D:2:      layout_basic, basic_altar
D:3:      layout_basic
D:4:      layout_rooms, gup_sewer_entry_bubbles
D:5:      minmay_evil_eye, layout_cave_pods, nicolae_temple_entry_ecumenical
D:6:      layout_loops_cross, serial_shops, nicolae_square_shop,
          gammafunk_ghost_icy
Temple:   regret_index_temple_sigil_plot

Notes
Turn   | Place    | Note
-------+----------+-------------------------------------------
     0 | D:1      | zeratav the Kobold Gladiator began the quest for the Orb.
     0 | D:1      | Reached XP level 1. HP: 12/12 MP: 1/1
     0 | D:1      | magus.rc [v1.9.6]
    69 | D:1      | Reached skill level 1 in Stealth
   343 | D:1      | Reached skill level 2 in Stealth
   343 | D:1      | Reached XP level 2. HP: 17/17 MP: 2/2
   419 | D:1      | Reached skill level 3 in Stealth
   680 | D:1      | Found Sopnol's Weapon Emporium.
   850 | D:1      | Reached XP level 3. HP: 12/21 MP: 3/3
  1167 | D:1      | Reached skill level 4 in Stealth
  1893 | D:2      | Found an ancient bone altar of Kikubaaqudgha.
  2582 | D:3      | Reached XP level 4. HP: 26/26 MP: 4/4
  2698 | D:3      | Reached skill level 5 in Stealth
  3311 | D:4      | Found a glowing drain.
  3320 | D:4      | Reached skill level 5 in Short Blades
  3424 | Sewer    | Entered a sewer
  3456 | Sewer    | Reached XP level 5. HP: 23/30 MP: 5/5
  4063 | D:4      | Reached skill level 6 in Short Blades
  4077 | D:4      | Reached XP level 6. HP: 25/35 MP: 6/6
  4201 | D:4      | Reached skill level 7 in Short Blades
  4558 | D:4      | Reached skill level 8 in Short Blades
  4819 | D:5      | Entered Level 5 of the Dungeon
  4879 | D:5      | Reached XP level 7. HP: 40/40 MP: 7/7
  5035 | D:5      | Reached skill level 4 in Dodging
  5159 | D:5      | Reached skill level 3 in Fighting
  5372 | D:5      | HP: 9/41 [ice beast (4)]
  5372 | D:5      | HP: 4/41 [ice beast (5)]
  5377 | D:5      | Reached skill level 5 in Dodging
  5377 | D:5      | Reached XP level 8. HP: 5/48 MP: 8/8
  5704 | D:5      | Reached skill level 4 in Fighting
  5704 | D:5      | Reached skill level 9 in Short Blades
  6280 | D:5      | Found a staircase to the Ecumenical Temple.
  6286 | Temple   | Entered the Ecumenical Temple
  6658 | Temple   | Became a worshipper of Uskayaw the Reveller
  6673 | D:5      | Found a faded altar of an unknown god.
  6774 | D:5      | Reached * piety under Uskayaw
  6775 | D:5      | Reached skill level 6 in Dodging
  6951 | D:6      | You pick up a book of Air and begin reading...
  6951 | D:6      | You add the spells Shock, Swiftness and Airstrike to your
                  | library.
  7015 | D:6      | Noticed a vampire
  7242 | D:6      | Found Nudown's Weapon Shop.
  7247 | D:6      | magus.rc [v1.9.6]
  7266 | D:6      | Reached ** piety under Uskayaw
  7271 | D:6      | Reached skill level 5 in Fighting
  7535 | D:6      | HP: 2/49 [vampire (13)]
  7536 | D:6      | Mangled by a vampire

Vanquished Creatures
  2 water moccasins (D:5)
  An ice beast (D:5)
  An ogre (D:5)
  A phantom (D:6)
  A bullfrog (D:6)
  2 scorpions
  3 jellies
  7 hounds
  4 iguanas
  2 orc wizards (D:4)
  8 adders
  2 river rats (Sewer)
  A shadow imp (D:5)
  2 ufetubi
  3 worms
  2 dart slugs
  6 orcs
  11 ball pythons
  2 bats (D:3)
  5 endoplasms
  3 giant cockroaches
  5 goblins
  9 hobgoblins
  7 quokkas
  5 frilled lizards
  3 kobolds (D:2)
  11 rats
109 creatures vanquished.

Table legend:
 A = Non-vault XP
 B = Vault XP
 C = Vault XP percentage of total XP
 D = Non-vault monster count
 E = Vault monster count
 F = Vault count percentage of total count
                 A         B        C        D         E       F
            +---------+---------+-------+---------+---------+-------
      Total |    1518 |     331 |  17.9 |      78 |      31 |  28.4
            +---------+---------+-------+---------+---------+-------
        D:1 |      39 |       0 |   0.0 |      19 |       0 |   0.0
        D:2 |      15 |       0 |   0.0 |       9 |       0 |   0.0
        D:3 |      25 |       0 |   0.0 |      11 |       0 |   0.0
        D:4 |     291 |      36 |  11.0 |      17 |       6 |  26.1
        D:5 |     876 |     225 |  20.4 |      18 |       5 |  21.7
        D:6 |     272 |       0 |   0.0 |       4 |       0 |   0.0
      Sewer |       0 |      70 | 100.0 |       0 |      20 | 100.0
            +---------+---------+-------+---------+---------+-------

Illustrated notes

Table legend:
 A = Kills in this place as a percentage of kills in entire the game.
 B = Kills by you in this place as a percentage of kills by you in the entire game.
 C = Kills by friends in this place as a percentage of kills by friends in the entire game.
 D = Other kills in this place as a percentage of other kills in the entire game.
 E = Experience gained in this place as a percentage of experience gained in the entire game.
 F = Experience gained in this place divided by the number of levels of this place that you have seen.
                   A       B       C       D       E      F
               +-------+-------+-------+-------+-------+----------------------
         Total | 100.0 | 100.0 |   N/A |   N/A | 100.0 | 231.1
       Dungeon |  81.7 |  81.7 |   N/A |   N/A |  96.2 | 296.5
         Sewer |  18.3 |  18.3 |   N/A |   N/A |   3.8 |  70.0
               +-------+-------+-------+-------+-------+----------------------

Table legend: (Time is in decaauts)
 A = Elapsed time spent in this place.
 B = Non-inter-level travel time spent in this place.
 C = Inter-level travel time spent in this place.
 D = Time resting spent in this place.
 E = Time spent auto-exploring this place.
 F = Levels seen in this place.
 G = Mean time per level.
                   A        B        C        D        E       F      G
               +--------+--------+--------+--------+--------+-----+--------+
         Total |   7541 |   7191 |    350 |   1369 |   4670 |   8 |  942.6 |
       Dungeon |   6527 |   6222 |    305 |   1216 |   4057 |   6 | 1087.8 |
        Temple |    381 |    337 |     44 |      0 |    310 |   1 |  381.0 |
         Sewer |    632 |    632 |      0 |    153 |    303 |   1 |  632.0 |
               +--------+--------+--------+--------+--------+-----+--------+

Top non-repeatable levels by time:
     D:5: 1862 daAuts
     D:1: 1293 daAuts
     D:4: 1137 daAuts
     D:3: 1048 daAuts
     D:2: 771 daAuts
   Sewer: 632 daAuts
     D:6: 414 daAuts
  Temple: 381 daAuts
